 Dungeon Crawl Stone Soup version 0.29.0-5-ge4962eb29e (webtiles) character file.

Game seed: 17780488529747559121

210 greasedhog the Trooper (level 5, 0/35 HPs)
             Began as a Gargoyle Fighter on Aug 28, 2022.
             Slain by a black bear (3 damage)
             ... on level 3 of the Dungeon.
             The game lasted 00:02:19 (2898 turns).

greasedhog the Trooper (Gargoyle Fighter)           Turns: 2898, Time: 00:02:20

Health: 0/35       AC: 16    Str: 19    XL:     5   Next: 87%
Magic:  5/5        EV:  5    Int:  9    God:
Gold:   117        SH:  4    Dex: 11    Spells: 4/4 levels left

rFire   + . .      SeeInvis .   a - +1 flail
rCold   + . .      Faith    .   c - +0 buckler
rNeg    + . .      Spirit   .   j - +0 plate armour
rPois   ∞          Reflect  .   p - +0 helmet
rElec   +          Harm     .   (no cloak)
rCorr   +          Rampage  .   (no gloves)
Will    .....                   (no boots)
Stlth   ..........              (no amulet)
HPRegen 0.11/turn               (no ring)
MPRegen 0.09/turn               (no ring)

@: resistant
A: sickness immunity, AC +4, negative energy resistance 1, electricity
resistance, torment resistance 1, petrification resistance
a: no special abilities


You were on level 3 of the Dungeon.
You visited 1 branch of the dungeon, and saw 3 of its levels.

You collected 117 gold pieces.

Inventory:

Hand Weapons
 a - a +1 flail (weapon)
Armour
 c - a +0 buckler (worn)
 j - a +0 plate armour (worn)
 p - a +0 helmet (worn)
Jewellery
 h - an amulet of guardian spirit
Scrolls
 b - 2 scrolls of blinking
 i - a scroll of amnesia
 m - 2 scrolls of teleportation
 n - a scroll of immolation
 o - a scroll of enchant armour
Potions
 d - a potion of might
 e - a potion of resistance
 f - 2 potions of curing {unknown}
 g - 2 potions of mutation {unknown}
 k - a potion of berserk rage {unknown}
 q - a potion of heal wounds {unknown}


   Skills:
 * Level 5.4 Fighting
 * Level 4.3 Maces & Flails
 - Level 3.2 Armour
 - Level 3.2 Shields


You had 4 spell levels left.
You didn't know any spells.
Your spell library contained the following spells:

 Spells                   Type           Power      Damage    Failure   Level
 Call Canine Familiar     Summ           0%         N/A       100%        3
 Ozocubu's Armour         Ice            0%         N/A       100%        3
 Portal Projectile        Hex/Tloc       0%         N/A       100%        3
 Leda's Liquefaction      Hex/Erth       0%         N/A       100%        4
 Fireball                 Conj/Fire      0%         3d3       100%        5
 Starburst                Conj/Fire      0%         6d3       100%        6
 Ozocubu's Refrigeration  Ice            0%         4d7       100%        7
 Ignition                 Fire           0%         3d3       100%        8


Dungeon Overview and Level Annotations

Branches:
Dungeon (3/15)

Altars:

Shops:
D:3 (


Innate Abilities, Weirdness & Mutations

You are immune to sickness and miasma.
Your stone body is resilient. (AC +4)
You are immune to poison.
You resist negative energy. (rN+)
You are resistant to electric shocks. (rElec)
You are resistant to unholy torment.
You are immune to petrification.


Message History

You kill the adder!
You sock the gnoll!
The gnoll is severely wounded.
The gnoll hits you but does no damage. You block the gnoll's attack.
Unknown command.
You sock the gnoll!
You kill the gnoll!
The kobold throws a poisoned dart.
The poisoned dart barely misses you.
Unknown command.
The kobold hits you with a +0 short sword.
Items here: ))) †.
You sock the kobold!
You kill the kobold!
You sock the black bear!
The black bear is heavily wounded.
The black bear bites you!
The black bear claws you but does no damage.
The black bear barely misses you.
You barely miss the black bear.
The black bear is heavily wounded.
The black bear bites you but does no damage.
The black bear barely misses you.
The black bear claws you but does no damage.
You barely miss the black bear.
The black bear is heavily wounded.
The black bear barely misses you. The black bear claws you. x2
The black bear completely misses you. The black bear claws you.
The black bear claws you but does no damage.
You hit the black bear.
The black bear is heavily wounded.
The black bear bites you!
* * * LOW HITPOINT WARNING * * *
The black bear claws you.
* * * LOW HITPOINT WARNING * * *
The black bear claws you but does no damage.
It was a potion of resistance.
You feel protected. You block the black bear's attack.
The black bear barely misses you. The black bear claws you.
You die...

#.# #.# #.####
######.########
#.# #(#...
#........)....#
#.# #.#.##
#.#####.#####.#
#.. #.# #.# #.#
### #.. #.# #.#
#.# #.# #.# #.#
. #.# #@# # #.#
#h# ..# ##.. ..
#.# ## ..# .
... . #..


You could see a black bear.

Vanquished Creatures
  An orc priest (D:3)
  Robin (D:3)
  3 gnolls (D:3)
  5 adders
  2 worms (D:2)
  3 dart slugs
  6 orcs (D:3)
  5 ball pythons
  7 endoplasms
  2 giant cockroaches
  14 goblins
  6 hobgoblins
  A quokka (D:2)
  8 bats
  A frilled lizard (D:1)
  9 kobolds
  3 rats (D:1)
77 creatures vanquished.

Notes
Turn   | Place    | Note
-------+----------+-------------------------------------------
     0 | D:1      | greasedhog the Gargoyle Fighter began the quest for the
                  | Orb.
     0 | D:1      | Reached XP level 1. HP: 14/14 MP: 1/1
   209 | D:1      | Reached XP level 2. HP: 17/19 MP: 2/2
   545 | D:1      | Found a faded altar of an unknown god.
   918 | D:2      | Reached XP level 3. HP: 23/24 MP: 3/3
   926 | D:2      | Reached skill level 4 in Fighting
  1402 | D:2      | Reached XP level 4. HP: 24/30 MP: 4/4
  2076 | D:3      | Reached XP level 5. HP: 29/34 MP: 5/5
  2156 | D:3      | Found Ocaush's Weapon Shoppe.
  2382 | D:3      | Reached skill level 5 in Fighting
  2431 | D:3      | Noticed Robin
  2439 | D:3      | Killed Robin
  2872 | D:3      | Noticed a black bear
  2898 | D:3      | Slain by a black bear

Illustrated notes

Levels and vault maps discovered:
D:1:      lightli_iron_boxes, layout_basic,
          hellmonk_ecumenical_altar_inner_sanctum
D:2:      layout_loops_ring, minmay_misc_feat_secret_circle
D:3:      minmay_thinvault, layout_loops_ring, serial_shops,
          nicolae_diamond_shop, st_stairs_1, uniq_robin

Skill      XL: |  1  2  3  4  5 |
---------------+----------------+-----
Fighting       | 4 5 |  5.4
Maces & Flails | 3 4 |  4.3
Armour         | |  3.2
Shields        | |  3.2

Action                   |  1- 3 |  4- 6 || total
-------------------------+-------+-------++-------
Melee: Flail             |   112 |   146 ||   258
  Use: Scroll            |     2 |     4 ||     6
       Potion            |       |     1 ||     1
Armor: Scale mail        |    38 |       ||    38
       Plate armour      |    19 |   141 ||   160
Dodge: Dodged            |    63 |    54 ||   117
Block: Buckler           |    19 |    41 ||    60
